 Dungeon Crawl Stone Soup version 0.21.1-1-g345015fe64 (webtiles) character file.

86 Oravi the Vandal (level 4, -2/29 HPs)
             Began as a Halfling Hunter on Apr 14, 2018.
             Slain by Grinder (6 damage)
             ... on level 3 of the Dungeon.
             The game lasted 00:06:59 (1963 turns).

Oravi the Vandal (Halfling Hunter)                  Turns: 1963, Time: 00:07:00

Health: -2/29      AC:  0    Str: 11 (13) XL:     4   Next: 78%
Magic:  4/4        EV: 20    Int:  6 (9)  God:
Gold:   82         SH:  0    Dex: 19 (20) Spells: 3/3 levels left

rFire    . . .     SeeInvis .   (weapon currently unavailable)
rCold    . . .     Gourm    .   (shield currently unavailable)
rNeg     . . .     Faith    .   (armour currently unavailable)
rPois    .         Spirit   .   (helmet currently unavailable)
rElec    .         Reflect  .   (cloak currently unavailable)
rCorr    .         Harm     .   (gloves currently unavailable)
MR       .....                  (boots currently unavailable)
Stlth    +++.......             (no amulet)
HPRegen  0.09/turn              (ring currently unavailable)
MPRegen  0.09/turn              (ring currently unavailable)

@: agile, pig-form (expiring), hasted, very quick
A: small, mutation resistance 1
a: no special abilities


You were on level 3 of the Dungeon.
You were not hungry.
You were a filthy swine.
You visited 1 branch of the dungeon, and saw 3 of its levels.

You collected 82 gold pieces.

Inventory:

Hand Weapons
 a - a +1 hunting sling (melded)
 b - a +0 short sword
Missiles
 d - 13 sling bullets
 h - 54 stones (quivered)
Armour
 c - a +0 leather armour (melded)
 g - a +0 pair of gloves
 r - a +0 pair of boots (melded)
Scrolls
 i - 2 scrolls of identify {unknown}
 k - a scroll of remove curse {unknown}
 m - 2 scrolls of amnesia {unknown}
 o - a scroll of enchant armour {unknown}
 p - 2 scrolls of fear {unknown}
 q - a scroll of enchant weapon {unknown}
Potions
 e - a potion of degeneration
 j - 2 potions of haste
Comestibles
 f - 7 rations


   Skills:
 - Level 1.7 Fighting
 * Level 1.7 Short Blades
 + Level 7.9 Slings
 + Level 0.6 Armour
 + Level 2.2 Dodging
 - Level 1.1 Stealth


You had 3 spell levels left.
You didn't know any spells.

Dungeon Overview and Level Annotations

Branches:
Dungeon (3/15)

Altars:

Annotations:
D:3 Grinder; quik's ghost, amateur CeHu


Innate Abilities, Weirdness & Mutations

You are small and have problems with some larger weapons.
You are somewhat resistant to further mutation.


Message History

Grinder blinks!
Grinder blinks!
Your transformation is almost over.
You barely miss Grinder.
Grinder is severely wounded.
You hit Grinder.
Grinder is severely wounded.
Grinder barely misses you.
You hit Grinder.
Grinder is severely wounded.
Grinder zaps a wand.
You resist with some effort.
The now-empty wand crumbles to dust.
You hit Grinder.
Grinder is severely wounded.
You closely miss Grinder.
Grinder is severely wounded.
Grinder hits you!
* * * LOW HITPOINT WARNING * * *
You writhe in agony.
You die...

#...... #......
#>.#### . #.## (.#
####.# ..(. #)##.#
#.(. ##.##.#
#...########.....#
#...5h...##....###
#...####.##.#..#
...........>#....#
..†...#####....#.##
..#.............<.#
. ..######...##[.#
#...###.)# #...#
#.# #...# ...


You could see Grinder.

Vanquished Creatures
  4 adders
  A worm (D:2)
  2 dart slugs
  A ball python (D:2)
  A giant cockroach (D:3)
  4 goblins (D:1)
  2 hobgoblins (D:2)
  7 kobolds
  A quokka (D:2)
  A ball python skeleton (D:3)
  12 bats
  5 frilled lizards
  6 rats
47 creatures vanquished.

Notes
Turn   | Place    | Note
-------+----------+-------------------------------------------
     0 | D:1      | Oravi the Halfling Hunter began the quest for the Orb.
     0 | D:1      | Reached XP level 1. HP: 14/14 MP: 1/1
    66 | D:1      | Reached skill level 6 in Slings
    86 | D:1      | Reached XP level 2. HP: 19/19 MP: 2/2
   238 | D:1      | Reached skill level 1 in Short Blades
   347 | D:1      | Reached XP level 3. HP: 21/24 MP: 3/3
   618 | D:1      | You fall through a shaft!
   622 | D:2      | Reached skill level 7 in Slings
  1075 | D:2      | Reached XP level 4. HP: 29/29 MP: 4/4
  1526 | D:3      | Noticed quik's ghost (amateur CeHu)
  1930 | D:3      | Noticed Grinder
  1945 | D:3      | Paralysed by Grinder for 2 turns
  1963 | D:3      | Slain by Grinder

Skill      XL: |  1  2  3 |
---------------+----------+-----
Slings         | 6 7 |  7.9
Short Blades   | 1 |  1.7
Fighting       | |  1.7
Armour         | |  0.6
Dodging        | |  2.2
Stealth        | |  1.1

Action                   |  1- 3 |  4- 6 || total
-------------------------+-------+-------++-------
Melee: Unarmed           |       |     6 ||     6
       Short sword       |       |     3 ||     3
 Fire: Hunting sling     |    99 |    56 ||   155
  Use: Potion            |       |     4 ||     4
  Eat: Ration            |       |     1 ||     1
       Chunk             |       |     1 ||     1
Armor: Leather armour    |     5 |     8 ||    13
Dodge: Dodged            |    26 |    45 ||    71
